AoeStats
← E-d-d-i-e91G

Lombardia

510047940Analyzed
2v2 RM · 4d ago on Sep 29, 2026· 58m 6s· 4 players
Game mode
Random Map
Map size
Medium (4 player)
Population
200
Speed
Normal
Resources
Standard
Victory
Conquest
Starting age
Dark Age
Ending age
Imperial Age
RankedLock teamsTeams togetherTeam positionsShared explorationLock speedFull tech treeHidden civsTurbo modeCheats
Victory
Defeat
🇫🇷 Italians · France
484
+12
🇨🇳 Britons · China
402
+14
🇦🇺 Koreans · Australia
381
-13
🇦🇺 Shu · Australia
379
-13
1980195387
10:36 Feudal Age
11:08 Double-Bit Axe
15:34 Castle Age
17:46 Bow Saw
24:03 Horse Collar
24:24 Fletching
26:41 Wheelbarrow
26:08 Heavy Plow
26:07 Bodkin Arrow
29:57 Yeomen
29:39 Padded Archer Armor
29:41 Stone Mining
29:42 Gold Mining
32:37 Gold Shaft Mining
34:36 Imperial Age
32:25 Hand Cart
32:25 Pikeman
33:06 Squires
36:36 Bracer
36:52 Leather Archer Armor
36:01 Elite Longbowman
39:21 Ring Archer Armor
38:22 Halberdier
41:09 Forging
40:59 Scale Mail Armor
42:43 Ballistics
43:24 Chemistry
42:06 Treadmill Crane
48:49 Masonry
49:19 Iron Casting
49:00 Chain Mail Armor
48:50 Capped Ram
49:56 Murder Holes
52:18 Two-Man Saw
51:59 Architecture
52:33 Blast Furnace
52:03 Plate Mail Armor
anthony008
2:54 Loom
12:18 Feudal Age
13:38 Wheelbarrow
13:01 Double-Bit Axe
13:21 Town Watch
15:31 Horse Collar
19:48 Castle Age
18:11 Stone Mining
18:52 Gold Mining
20:50 Hand Cart
21:58 Heavy Plow
22:30 Man-at-Arms
23:11 Squires
24:14 Forging
24:24 Scale Mail Armor
24:25 Long Swordsman
29:23 Stone Shaft Mining
28:50 Crossbowman
30:04 Thumb Ring
31:15 Padded Archer Armor
31:06 Fletching
31:33 Chain Mail Armor
30:54 Elite Skirmisher
32:14 Town Patrol
35:20 Bodkin Arrow
35:42 Leather Archer Armor
36:03 Iron Casting
37:03 Scale Barding Armor
36:50 Arson
41:05 Imperial Age
39:27 Chain Barding Armor
40:09 Guard Tower
40:16 Murder Holes
40:02 Treadmill Crane
40:33 Masonry
40:44 Ballistics
40:35 Fortified Wall
41:28 Bow Saw
41:45 Redemption
41:36 Atonement
41:47 Fervor
41:58 Sanctity
41:38 Devotion
41:35 Herbal Medicine
42:06 Block Printing
42:17 Illumination
42:28 Theocracy
42:28 Ring Archer Armor
41:59 Bracer
41:52 Arrowslits
42:43 Keep
43:10 Chemistry
43:05 Capped Ram
45:03 Blast Furnace
44:34 Plate Mail Armor
44:39 Plate Barding Armor
44:40 Architecture
45:32 Crop Rotation
46:07 Two-Man Saw
45:49 Arbalester
47:03 Onager
49:45 Bombard Tower
49:31 Caravan
50:01 Coinage
49:42 Guilds
50:03 Faith
51:10 Hoardings
50:57 Silk Road
50:48 Pirotechnia
50:59 Conscription
56:27 Elite Genoese Crossbowman
E-d-d-i-e91G
13:58 Feudal Age
15:14 Double-Bit Axe
16:40 Wheelbarrow
22:56 Castle Age
20:49 Horse Collar
26:21 Thumb Ring
26:24 Padded Archer Armor
26:16 Fletching
28:21 Hand Cart
27:53 Town Watch
27:43 Crossbowman
28:45 Leather Archer Armor
30:19 Bodkin Arrow
33:45 Bow Saw
48:55 Imperial Age
51:18 Bracer
51:50 Ring Archer Armor
51:06 Treadmill Crane
IAMASTROMAN9714
13:36 Feudal Age
14:22 Double-Bit Axe
14:02 Man-at-Arms
16:16 Horse Collar
20:18 Wheelbarrow
21:24 Scale Mail Armor
21:36 Forging
21:34 Scale Barding Armor
23:38 Gold Mining
24:42 Stone Mining
27:05 Castle Age
28:48 Long Swordsman
32:33 Iron Casting
33:45 Loom
36:37 Elite Skirmisher
45:45 Chain Mail Armor
Connection lost

Rejoining the realm…

Still unreachable

The connection could not be restored.

Session expired

The server has moved on; the page needs a fresh start.